 Dungeon Crawl Stone Soup version 0.22-a0-443-g17c3723 (webtiles) character file.

535 Espgualade the Skirmisher (level 7, -1/44 HPs)
             Began as a Tengu Ice Elementalist on May 30, 2018.
             Was an Initiate of Vehumet.
             Slain by a black bear (6 damage)
             ... on level 6 of the Dungeon.
             The game lasted 00:15:41 (4863 turns).

Espgualade the Skirmisher (Tengu Ice Elementalist)  Turns: 4863, Time: 00:15:43

Health: -1/44      AC:  3    Str:  8    XL:     7   Next: 25%
Magic:  8/11       EV: 14    Int: 18    God:    Vehumet [......]
Gold:   191        SH:  0    Dex: 14    Spells: 4/10 levels left

rFire    . . .     SeeInvis .   q - +2 dagger (speed)
rCold    . . .     Gourm    .   (no shield)
rNeg     . . .     Faith    .   a - +1 robe
rPois    .         Spirit   .   (helmet restricted)
rElec    .         Reflect  .   (no cloak)
rCorr    +         Harm     .   (no gloves)
MR       .....                  (boots unavailable)
Stlth    +++.......             l - amulet of the acrobat
HPRegen  0.14/turn              o - ring of resist corrosion
MPRegen  0.12/turn              r - +1 ring of slaying

@: no status effects
A: beak, talons 3, able to fly 1
a: Fly, Renounce Religion


You were on level 6 of the Dungeon.
You worshipped Vehumet.
Vehumet was noncommittal.
You were not hungry.

You visited 2 branches of the dungeon, and saw 7 of its levels.

You collected 191 gold pieces.

Inventory:

Hand Weapons
 q - a +2 dagger of speed (weapon)
Armour
 a - a +1 robe (worn)
Jewellery
 l - an amulet of the acrobat (around neck)
 o - a ring of resist corrosion (left hand)
 r - a +1 ring of slaying (right hand)
Scrolls
 b - 2 scrolls of blinking
 d - 6 scrolls of identify
 e - a scroll of teleportation
 f - a scroll of remove curse
 h - 3 scrolls of fear
 i - a scroll of fog {unknown}
 n - a scroll of enchant armour
 p - a scroll of magic mapping
 t - a scroll of noise {unknown}
Potions
 g - 2 potions of berserk rage
 j - 2 potions of invisibility
 k - a potion of lignification {unknown}
 m - 2 potions of curing
Comestibles
 c - 10 rations
 s - a chunk of flesh


   Skills:
 - Level 5.1 Fighting
 + Level 4.5 Dodging
 + Level 4.4 Stealth
 - Level 2.0 Spellcasting
 - Level 1.3 Conjurations
 - Level 2.6 Ice Magic


You had 4 spell levels left.
You knew the following spells:

 Your Spells              Type           Power        Failure   Level  Hunger
a - Freeze                Ice            ##..         6%          1    #......
b - Throw Frost           Conj/Ice       #.....       12%         2    ###....
c - Ozocubu's Armour      Chrm/Ice       #.......     30%         3    ###....

Your spell library contained the following spells:

 Spells                   Type           Power        Failure   Level  Hunger
 Apportation              Tloc           #.....       19%         1    #......
 Confuse                  Hex            #.......     47%         3    ###....
 Summon Small Mammal      Summ           #...         19%         1    #......
 Animate Skeleton         Necr           N/A          19%         1    #......
 Summon Ice Beast         Ice/Summ       #.......     71%         4    #####..
 Throw Icicle             Conj/Ice       #.......     61%         4    #####..
 Confusing Touch          Hex            #.....       19%         1    #......
 Metabolic Englaciation   Hex/Ice        #.........   96%         5    ######.
 Petrify                  Tmut/Erth      #.......     87%         4    #####..
 Gell's Gravitas          Tloc           #.........   47%         3    ###....
 Yara's Violent Unravell  Hex/Tmut       #.........   99%         5    ######.


Dungeon Overview and Level Annotations

Branches:
Dungeon (6/15)             Temple (1/1) D:5

Altars:
Cheibriados
Dithmenos
Gozag
Hepliaklqana
Kikubaaqudgha
Makhleb
Nemelex Xobeh
Qazlal
Ru
Sif Muna
Uskayaw
Vehumet
Wu Jian
Xom
Yredelemnul
The Shining One

Annotations:
D:3 Natasha
D:4 mezmerelda's ghost, amateur SpEn


Innate Abilities, Weirdness & Mutations

You have a beak for a mouth.
You have claws for feet.
You can fly.


Message History

Confirm with . or Enter, or press ? or * to list all spells.
Aiming: Freeze (safe; 6% risk of failure)
Press: ? - help, Shift-Dir - straight line, f/p - black bear
Aim: a black bear (severely wounded, berserk, fast, unusually strong)
You freeze the black bear.
The black bear is almost dead.
The black bear bites you. The black bear claws you. x2
Casting: Freeze (safe; 6% risk of failure)
Confirm with . or Enter, or press ? or * to list all spells.
Aiming: Freeze (safe; 6% risk of failure)
Press: ? - help, Shift-Dir - straight line, f/p - black bear
Aim: a black bear (almost dead, berserk, fast, unusually strong)
You freeze the black bear.
The black bear is almost dead.
The black bear bites you!
* * * LOW HITPOINT WARNING * * *
The black bear claws you.
* * * LOW HITPOINT WARNING * * *
The black bear barely misses you. x2; The black bear claws you.
You die...

.# .# #.....' .# #.....#
.# .......#.....#
.########......#.....#
..'.....#......#.....+
..#.....#..>...#.....#
..#.....#......#h....#
.##.....#......#@....#
###.....#......#.....##
........#......'........
........#......#........
........#......#....###.
.########......#....#
.#.............+..(.#
+#†............#......
...............#.......


You could see a black bear (berserk).

Vanquished Creatures
  A sky beast (D:6)
  A crimson imp (D:5)
  A jelly (D:5)
  A hound (D:5)
  An orc wizard (D:3)
  Natasha (D:3)
  4 worker ants
  6 adders
  An ooze (D:4)
  2 adder zombies (D:5)
  2 worms
  2 dart slugs (D:1)
  4 leopard geckos
  17 orcs
  A ball python (D:4)
  10 bats
  6 giant cockroaches
  15 goblins
  11 hobgoblins
  2 jackals (D:1)
  10 kobolds
  A quokka (D:6)
  5 frilled lizards
  8 rats
113 creatures vanquished.

Notes
Turn   | Place    | Note
-------+----------+-------------------------------------------
     0 | D:1      | Espgualade the Tengu Ice Elementalist began the quest for the Orb.
     0 | D:1      | Reached XP level 1. HP: 10/10 MP: 4/4
    18 | D:1      | Reached skill level 1 in Fighting
    49 | D:1      | Reached XP level 2. HP: 8/16 MP: 3/6
   292 | D:1      | Reached skill level 2 in Fighting
   384 | D:1      | Reached XP level 3. HP: 22/22 MP: 3/7
   491 | D:1      | Reached skill level 3 in Fighting
   887 | D:1      | Learned a level 2 spell: Throw Frost
   891 | D:1      | Learned a level 3 spell: Ozocubu's Armour
   969 | D:2      | Reached XP level 4. HP: 16/28 MP: 6/8
  1213 | D:2      | Found a hazy altar of Hepliaklqana.
  1403 | D:2      | Reached skill level 4 in Fighting
  1507 | D:3      | Noticed Natasha
  1642 | D:3      | Found a faded altar of an unknown god.
  2174 | D:3      | Gained mutation: You can fly. [Tengu growth]
  2174 | D:3      | Reached XP level 5. HP: 29/34 MP: 9/9
  2258 | D:3      | Killed Natasha
  2596 | D:3      | Reached skill level 5 in Fighting
  2878 | D:3      | Noticed Natasha
  3425 | D:4      | Reached XP level 6. HP: 36/40 MP: 2/10
  3562 | D:4      | Noticed mezmerelda's ghost (amateur SpEn)
  3810 | D:5      | Entered Level 5 of the Dungeon
  3852 | D:5      | Found a staircase to the Ecumenical Temple.
  3862 | Temple   | Entered the Ecumenical Temple
  4069 | Temple   | Became a worshipper of Vehumet
  4553 | D:5      | Reached XP level 7. HP: 44/44 MP: 2/11
  4863 | D:6      | Slain by a black bear

Vault maps used:
D:1:      dpeg_arrival_tiny_g, minmay_octomino_c4
D:2:      nicolae_overflow_hidden_temple, grunt_ministairs_9
D:3:      chequers_ecumenical_altar_twisty, uniq_natasha
D:5:      temple_hall, first_ration, hangedman_decor_riveting
D:6:      fedhas_altar_4, kennysheep_boxes
Temple:   regret_index_temple_generic_petals

Skill      XL: |  1  2  3  4  5  6 |
---------------+-------------------+-----
Fighting       | 1 2 3 4 5 |  5.1
Dodging        | 4 |  4.5
Stealth        | 4 |  4.4
Spellcasting   | |  2.0
Conjurations   | |  1.3
Ice Magic      | |  2.6

Action                   |  1- 3 |  4- 6 |  7- 9 || total
-------------------------+-------+-------+-------++-------
Melee: Short sword       |    63 |    87 |       ||   150
       Kick              |     9 |    31 |     2 ||    42
       Unarmed           |     1 |       |       ||     1
       Peck              |     7 |    25 |     2 ||    34
       Dagger            |       |   106 |    12 ||   118
 Cast: Freeze            |    34 |    61 |     8 ||   103
       Throw Frost       |       |    18 |     4 ||    22
       Ozocubu's Armour  |       |     2 |       ||     2
 Abil: Fly               |       |     1 |       ||     1
  Use: Scroll            |     4 |     5 |       ||     9
       Potion            |       |     1 |       ||     1
 Stab: Sleeping          |     2 |     3 |     2 ||     7
  Eat: Chunk             |     1 |     7 |     1 ||     9
       Ration            |       |     2 |       ||     2
Armor: Robe              |    21 |    40 |     2 ||    63
Dodge: Dodged            |    52 |   149 |    10 ||   211

Table legend:
 A = Spawn XP
 B = Non-spawn XP
 C = Spawn XP percentage of total XP
 D = Spawn monster count
 E = Non-spawn monster count
 F = Spawn count percentage of total count
 G = Total turns spent on level
                    A         B        C        D         E        F      G
               +---------+---------+-------+---------+---------+-------+---------
         Total |       0 |     765 |   0.0 |       0 |     113 |   0.0 |  4863
               +---------+---------+-------+---------+---------+-------+---------
           D:1 |       0 |      62 |   0.0 |       0 |      33 |   0.0 |   893
           D:2 |       0 |      62 |   0.0 |       0 |      22 |   0.0 |   601
           D:3 |       0 |     144 |   0.0 |       0 |      29 |   0.0 |  1388
           D:4 |       0 |     135 |   0.0 |       0 |      10 |   0.0 |   928
           D:5 |       0 |     225 |   0.0 |       0 |      16 |   0.0 |   632
           D:6 |       0 |     137 |   0.0 |       0 |       3 |   0.0 |   178
               +---------+---------+-------+---------+---------+-------+---------
